 Dungeon Crawl Stone Soup version 0.32-a0-872-g59262bdc9b (webtiles) character file.

Game seed: 712635664736292899

126 601d51SH the Covert (level 5, -12/47 HPs)
             Began as a Gnoll Delver on Mar 31, 2024.
             Mangled by an ogre
             ... wielding a +0 giant spiked club
              (30 damage)
             ... on level 3 of the Dungeon.
             The game lasted 00:05:06 (2404 turns).

601d51SH the Covert (Gnoll Delver)                  Turns: 2404, Time: 00:05:07

Health: -12/47     AC: 15    Str: 14    XL:     5   Next: 10%
Magic:  7/7        EV: 11    Int:  9    God:
Gold:   102        SH:  0    Dex: 13    Spells: 6/6 levels left

rFire   . . .        k - +0 dagger (protect)
rCold   . . .        q - orb {mayhem}
rNeg    . . .        h - +0 ring mail
rPois   .            n - +0 helmet
rElec   .            y - +0 cloak
rCorr   .            (no gloves)
SInv    .            p - +0 pair of boots
Will    .....        (no amulet)
Stlth   ++++         (no ring)
HPRegen 0.27/turn    (no ring)
MPRegen 0.10/turn

%: mayhem
@: under a protective aura
A: fangs 1, strong nose, distributed training
a: no special abilities


You were on level 3 of the Dungeon.
You visited 1 branch of the dungeon, and saw 5 of its levels.

You collected 102 gold pieces.

Inventory:

Hand Weapons
 a - a +0 spear
 j - a +0 rapier
 k - a +0 dagger of protection (weapon)
Missiles
 x - 6 javelins (quivered)
Armour
 h - a +0 ring mail (worn)
 n - a +0 helmet (worn)
 p - a +0 pair of boots (worn)
 q - an orb of mayhem (worn)
 v - a +0 chain mail
 y - a +0 cloak (worn)
Wands
 g - a wand of digging (3)
Scrolls
 c - a scroll of fog
 d - 2 scrolls of revelation
 e - 2 scrolls of fear
 i - a scroll of blinking {unknown}
 l - a scroll of enchant weapon {unknown}
 m - 3 scrolls of identify {unknown}
 r - a scroll of teleportation {unknown}
 s - a scroll of poison {unknown}
 u - a scroll of immolation {unknown}
Potions
 f - a potion of haste
 o - 3 potions of curing {unknown}
 t - 3 potions of mutation {unknown}
 w - a potion of lignification {unknown}


   Skills:
 + Level 6.7 Fighting
 + Level 1.4 Short Blades
 + Level 1.4 Long Blades
 + Level 1.4 Axes
 + Level 1.4 Maces & Flails
 + Level 4.7 Polearms
 + Level 1.4 Staves
 + Level 1.4 Ranged Weapons
 + Level 1.4 Throwing
 + Level 1.4 Armour
 + Level 4.7 Dodging
 + Level 9.7 Stealth
 + Level 1.4 Shields
 + Level 1.4 Unarmed Combat
 + Level 1.4 Spellcasting
 + Level 1.1 Conjurations
 + Level 1.1 Hexes
 + Level 1.1 Summonings
 + Level 1.1 Necromancy
 + Level 1.1 Translocations
 + Level 1.1 Fire Magic
 + Level 1.1 Ice Magic
 + Level 1.1 Air Magic
 + Level 1.1 Earth Magic
 + Level 1.1 Alchemy
 + Level 1.6 Invocations
 + Level 1.4 Evocations
 + Level 1.3 Shapeshifting


You had 6 spell levels left.
You didn't know any spells.
Your spell library contained the following spells:

 Spells                   Type           Power      Damage    Failure   Level
 Blink                    Tloc           4%         N/A       56%         2
 Lesser Beckoning         Tloc           4%         N/A       56%         2
 Momentum Strike          Conj/Tloc      4%         3d8       56%         2


Dungeon Overview and Level Annotations

Branches:
Dungeon (5/15)
 Temple: D:4-7

Altars:


Innate Abilities, Weirdness & Mutations

You have very sharp teeth.
Your uncanny sense of smell can sniff out nearby items.
Your experience applies equally to all skills.


Message History

You hit the ogre but do no damage.
Your weapon exudes an aura of protection.
Your bite misses the ogre. The ogre barely misses you.
You barely miss the ogre. You hit the ogre.
The ogre is lightly wounded.
The ogre closely misses you.
You hit the ogre.
The ogre is lightly wounded.
The ogre barely misses you.
You hit the ogre but do no damage.
The ogre is lightly wounded.
You hit the ogre.
The ogre is moderately wounded.
The ogre closely misses you.
You hit the ogre. You bite the ogre, but do no damage.
The ogre is moderately wounded.
You hit the ogre.
The ogre is moderately wounded.
The ogre barely misses you.
You hit the ogre.
The ogre is moderately wounded.
The ogre hits you with a +0 giant spiked club!!
Ouch! That really hurt!
You are too injured to fight recklessly!
You are too injured to fight recklessly!
You are too injured to fight recklessly!
You are too injured to fight recklessly!
You are too injured to fight recklessly!
You are too injured to fight recklessly!
You hit the ogre but do no damage.
The ogre is moderately wounded.
You hit the ogre but do no damage. You bite the ogre.
The ogre is moderately wounded.
The ogre hits you with a +0 giant spiked club.
You hit the ogre.
The ogre is heavily wounded.
The ogre hits you with a +0 giant spiked club!!
Ouch! That really hurt!
You die...

....#.....# .. #....
.########## #.# #.... .#
..# #.... .# ..# ##....
.# #.### ###..... .#
....# #....... .# #...#
#....... .# #O..#
#....... .#########
#@..#### #######.
.........# ###.#...... ∆
..
......##.#####.....#####
## .................###
#####.##.######........
#.##.# ?........ #.##.#
###....... #....#
#....!.. ###..# #.......


You could see an ogre.

Vanquished Creatures
  Robin (D:2)
  5 adders
  A ribbon worm (D:2)
  2 ball pythons
  7 bats
  6 endoplasms
  2 giant cockroaches (D:1)
  16 goblins
  3 hobgoblins
  5 quokkas
  4 frilled lizards
  7 kobolds
  5 rats
64 creatures vanquished.

Vanquished Creatures (others)
  A frilled lizard (D:2)
1 creature vanquished.

Grand Total: 65 creatures vanquished

Notes
Turn   | Place    | Note
-------+----------+-------------------------------------------
     0 | D:5      | Reached skill level 9 in Stealth
     0 | D:5      | 601d51SH the Gnoll Delver began the quest for the Orb.
     0 | D:5      | Reached XP level 1. HP: 23/23 MP: 1/1
    20 | D:5      | Noticed a sleepcap
   291 | D:2      | Reached XP level 2. HP: 29/29 MP: 2/2
   300 | D:2      | Noticed Robin
   319 | D:2      | Killed Robin
   320 | D:2      | Reached XP level 3. HP: 19/35 MP: 3/3
   448 | D:2      | Reached skill level 1 in Invocations
   541 | D:2      | Reached skill level 1 in Short Blades
   541 | D:2      | Reached skill level 1 in Long Blades
   541 | D:2      | Reached skill level 1 in Axes
   541 | D:2      | Reached skill level 1 in Maces & Flails
   541 | D:2      | Reached skill level 1 in Staves
   541 | D:2      | Reached skill level 1 in Ranged Weapons
   541 | D:2      | Reached skill level 1 in Throwing
   541 | D:2      | Reached skill level 1 in Armour
   541 | D:2      | Reached skill level 1 in Shields
   541 | D:2      | Reached skill level 1 in Unarmed Combat
   541 | D:2      | Reached skill level 1 in Spellcasting
   541 | D:2      | Reached skill level 1 in Evocations
   597 | D:2      | Reached skill level 1 in Shapeshifting
   597 | D:2      | Reached XP level 4. HP: 41/41 MP: 5/5
   934 | D:2      | Reached skill level 1 in Conjurations
   934 | D:2      | Reached skill level 1 in Hexes
   934 | D:2      | Reached skill level 1 in Summonings
   934 | D:2      | Reached skill level 1 in Necromancy
   934 | D:2      | Reached skill level 1 in Translocations
   934 | D:2      | Reached skill level 1 in Fire Magic
   934 | D:2      | Reached skill level 1 in Ice Magic
   934 | D:2      | Reached skill level 1 in Air Magic
   934 | D:2      | Reached skill level 1 in Earth Magic
   934 | D:2      | Reached skill level 1 in Alchemy
  1459 | D:1      | Found a faded altar of an unknown god.
  2289 | D:3      | Reached XP level 5. HP: 47/47 MP: 7/7
  2389 | D:3      | Noticed an ogre
  2404 | D:3      | Mangled by an ogre

Illustrated notes

Levels and vault maps discovered:
D:1:      minmay_arrival_split_and_join, layout_loops_corners,
          ebering_ecumenical_altar_petrified, minmay_tetromino_s4
D:2:      minmay_chambers_of_ones, layout_loops_ring, kennysheep_potato,
          uniq_robin
D:3:      layout_basic, gammafunk_temple_overflow_elements, uniq_ijyb
D:4:      layout_basic
D:5:      layout_basic, temple_green, amcnicky_mini_rare_corridor_liquid

Skill      XL: |  1  2  3  4 |
---------------+-------------+-----
Stealth        | |  9.7
Invocations    | 1 |  1.6
Short Blades   | 1 |  1.4
Long Blades    | 1 |  1.4
Axes           | 1 |  1.4
Maces & Flails | 1 |  1.4
Staves         | 1 |  1.4
Ranged Weapons | 1 |  1.4
Throwing       | 1 |  1.4
Armour         | 1 |  1.4
Shields        | 1 |  1.4
Unarmed Combat | 1 |  1.4
Spellcasting   | 1 |  1.4
Evocations     | 1 |  1.4
Shapeshifting  | 1 |  1.3
Conjurations   | 1 |  1.1
Hexes          | 1 |  1.1
Summonings     | 1 |  1.1
Necromancy     | 1 |  1.1
Translocations | 1 |  1.1
Fire Magic     | 1 |  1.1
Ice Magic      | 1 |  1.1
Air Magic      | 1 |  1.1
Earth Magic    | 1 |  1.1
Alchemy        | 1 |  1.1
Fighting       | |  6.7
Polearms       | |  4.7
Dodging        | |  4.7

Action                     |  1- 3 |  4- 6 || total
---------------------------+-------+-------++-------
  Melee: Dagger            |    84 |   192 ||   276
         Spear             |     6 |       ||     6
         Bite              |    16 |    18 ||    34
   Stab: Sleeping          |    10 |     9 ||    19
 Armour: Ring mail         |    55 |   116 ||   171
  Dodge: Dodged            |    48 |   122 ||   170

Table legend: (Time is in decaauts)
 A = Elapsed time spent in this place.
 B = Non-inter-level travel time spent in this place.
 C = Inter-level travel time spent in this place.
 D = Time resting spent in this place.
 E = Time spent auto-exploring this place.
 F = Levels seen in this place.
 G = Mean time per level.
                   A        B        C        D        E       F      G
               +--------+--------+--------+--------+--------+-----+--------+
         Total |   2388 |   2249 |    139 |      0 |   1463 |   5 |  477.6 |
       Dungeon |   2388 |   2249 |    139 |      0 |   1463 |   5 |  477.6 |
               +--------+--------+--------+--------+--------+-----+--------+

Top non-repeatable levels by time:
     D:2: 1157 daAuts
     D:1: 929 daAuts
     D:3: 235 daAuts
     D:4: 42 daAuts
     D:5: 23 daAuts
